 Dungeon Crawl Stone Soup version 0.31-a0-632-g766dd24fdf (webtiles) character file.

Game seed: 9601700411322167336

21737 Dittersdorf the Fighter (level 12, -1/86 HPs)
             Began as a Gargoyle Fighter on Aug 25, 2023.
             Was an Initiate of Gozag.
             Slain by a culicivora (17 damage)
             ... on level 2 of the Lair of Beasts.
             The game lasted 00:16:33 (14139 turns).

Dittersdorf the Fighter (Gargoyle Fighter)         Turns: 14139, Time: 00:16:34

Health: -1/86      AC: 36    Str: 25    XL:     12   Next: 93%
Magic:  12/12      EV:  9    Int:  9    God:    Gozag
Gold:   2181       SH:  7    Dex:  9    Spells: 11/11 levels left

rFire   . . .        n - +1 flail (protect)
rCold   . . .        c - +1 buckler
rNeg    + . .        b - +4 chain mail {Will+}
rPois   ∞            l - +0 helmet
rElec   +            (no cloak)
rCorr   +            k - +0 pair of gloves
SInv    .            x - +0 pair of boots
Will    +....        (no amulet) Stlth
                     j - ring of resist corrosion
HPRegen 0.34/turn    (no ring)
MPRegen 0.13/turn

%: no passive effects
@: gold aura, under a protective aura, studying Short Blades
A: sickness immunity, AC +8, negative energy resistance 1, electricity
resistance, torment resistance 1, petrification resistance
a: Renounce Religion, Potion Petition, Call Merchant, Bribe Branch


You were on level 2 of the Lair of Beasts.
You worshipped Gozag.
Gozag was most pleased with you.
You visited 2 branches of the dungeon, and saw 13 of its levels.

You collected 4097 gold pieces.
You spent 409 gold pieces at shops.
You paid 1507 gold pieces to Gozag.

Inventory:

Hand Weapons
 n - a +1 flail of protection (weapon)
 s - a +0 morningstar
Missiles
 m - a throwing net
Armour
 b - a +4 chain mail of willpower (worn)
 c - a +1 buckler (worn)
 k - a +0 pair of gloves (worn)
 l - a +0 helmet (worn)
 x - a +0 pair of boots (worn)
Jewellery
 j - a ring of resist corrosion (left hand)
Wands
 u - a wand of iceblast (11)
 w - a wand of paralysis (3)
Scrolls
 o - a scroll of enchant armour
 p - 3 scrolls of teleportation
 v - 2 scrolls of silence
 A - 3 scrolls of fear
Potions
 a - a potion of haste
 d - 4 potions of might
 e - a potion of invisibility
 f - 2 potions of heal wounds
 g - 4 potions of cancellation
 h - 3 potions of ambrosia
 i - 4 potions of resistance {unknown}
 q - 5 potions of curing
 z - a potion of brilliance
 B - a potion of magic
Miscellaneous
 y - a phantom mirror


   Skills:
 + Level 14.6 Fighting
 + Level 9.9 Maces & Flails
 + Level 11.0 Armour
 + Level 11.0 Shields


You had 11 spell levels left.
You didn't know any spells.
Your spell library contained the following spells:

 Spells                   Type           Power      Damage    Failure   Level
 Shock                    Conj/Air       0%         1d3       87%         1
 Blink                    Tloc           0%         N/A       95%         2
 Ensorcelled Hibernation  Hex/Ice        0%         N/A       95%         2
 Scorch                   Fire           0%         2d5       95%         2
 Static Discharge         Conj/Air       0%         2-2/arc   95%         2
 Gell's Gravitas          Tloc           0%         N/A       99%         3
 Swiftness                Air            0%         N/A       99%         3
 Teleport Other           Tloc           0%         N/A       99%         3
 Airstrike                Air            0%         2d(0-16)  100%        4
 Anguish                  Hex/Necr       0%         N/A       100%        4
 Animate Armour           Summ/Erth      0%         N/A       100%        4
 Flame Wave               Conj/Fire      0%         2d4       100%        4
 Manifold Assault         Tloc           0%         N/A       100%        4
 Summon Ice Beast         Ice/Summ       0%         N/A       100%        4
 Summon Lightning Spire   Summ/Air       0%         N/A       100%        4
 Lee's Rapid Deconstruct  Erth           0%         3d4*      100%        5
 Summon Mana Viper        Hex/Summ       0%         N/A       100%        5
 Dispersal                Tloc           0%         N/A       100%        6
 Summon Cactus Giant      Summ           0%         N/A       100%        6
 Monstrous Menagerie      Summ           0%         N/A       100%        7


Dungeon Overview and Level Annotations

Branches:
Dungeon (11/15)            Temple (0/1) D:4            Lair (2/5) D:11
    Orc (0/2) D:10
  Swamp: Lair:2-3    Shoals: Lair:2-3     Snake: Lair:2-3    Spider: Lair:2-3

Altars:
Elyvilon
Gozag
Ru

Shops:
D:1 ?[   D:3 :   D:4 ?   D:5 (

Annotations:
D:9 1 runed translucent door, GoodGuyCap's ghost, novice OpSh


Innate Abilities, Weirdness & Mutations

You are immune to sickness and miasma.
Your stone body is resilient. (AC +8)
You are immune to poison.
You resist negative energy. (rN+)
You are resistant to electric shocks. (rElec)
You are resistant to unholy torment.
You are immune to petrification.


Message History

The culicivora bites you but does no damage.
You miss the culicivora.
The culicivora is moderately wounded.
The culicivora bites you.
You barely miss the culicivora.
The culicivora is moderately wounded.
The culicivora bites you.
The culicivora bites you but does no damage.
You closely miss the culicivora.
The culicivora is moderately wounded.
You block the culicivora's attack.
You closely miss the culicivora.
The culicivora is lightly wounded.
The culicivora bites you but does no damage. x2
You thump the culicivora!
The culicivora is heavily wounded.
The culicivora bites you!
* * * LOW HITPOINT WARNING * * *
You sock the culicivora!
The culicivora is almost dead.
You block the culicivora's attack.
You hit the culicivora.
You kill the culicivora!
You completely miss the culicivora. The culicivora barely misses you.
You bludgeon the culicivora!!
The culicivora is heavily wounded.
The culicivora bites you but does no damage. x2
You hit the culicivora but do no damage.
The culicivora is heavily wounded.
The culicivora bites you but does no damage.
You sock the culicivora!
The culicivora is almost dead.
The culicivora bites you!
* * * LOW HITPOINT WARNING * * *
The culicivora closely misses you.
You barely miss the culicivora.
The culicivora is almost dead.
The culicivora bites you!
You die...
Your body crumbles into a pile of gold.

. ... ..#
..# ≈≈≈#
#... #s. ##
##s# #.#
#@## #.#
##^###.# ##
#^#^#^###^#
#
##.#.#.#.##
.. ...
#.#^#^#^#^#
## ..
##.#...#.#
#.#
##....^# ..
##...##
####.#
#....#


You could see 2 culicivoras.

Vanquished Creatures
  A catoblepas (Lair:2)
  3 two-headed ogres
  A boulder beetle (Lair:1)
  2 ugly things (D:10)
  A manticore (D:10)
  3 black mambas
  A gargoyle (D:11)
  2 cane toads (Lair:2)
  A komodo dragon (Lair:1)
  A troll (D:11)
  A polar bear (Lair:1)
  4 blink frogs
  Sigmund (D:2)
  A shadow (D:11)
  A culicivora (Lair:2)
  A wraith (D:10)
  A basilisk (Lair:1)
  18 yaks
  A wyvern (Lair:1)
  A steam dragon (D:8)
  A redback (Lair:2)
  5 water moccasins
  2 acid dragons (D:9)
  3 black bears
  A sky beast (D:4)
  3 orc warriors (D:10)
  An ice beast (D:6)
  2 ogres
  5 wolves (D:11)
  3 centaurs
  2 phantoms (D:6)
  A kobold brigand (D:8)
  6 bullfrogs
  5 scorpions
  A gnoll sergeant (D:7)
  3 wights (D:9)
  3 killer bees (D:8)
  4 howler monkeys
  2 electric eels (D:10)
  3 hounds
  6 orc priests
  A gnoll bouda (D:8)
  A sleepcap (D:6)
  5 iguanas
  11 orc wizards
  9 gnolls
  6 adders
  A shadow imp (D:8)
  A white imp (D:7)
  An ufetubus (D:4)
  4 worms
  6 dart slugs
  43 orcs
  10 endoplasms
  3 giant cockroaches
  5 goblins
  11 hobgoblins
  12 kobolds
  2 quokkas
  4 ball pythons
  6 bats
  A frilled lizard (D:1)
  6 rats
257 creatures vanquished.

Vanquished Creatures (others)
  An orc (D:9)
1 creature vanquished.

Grand Total: 258 creatures vanquished

Notes
Turn   | Place    | Note
-------+----------+-------------------------------------------
     0 | D:1      | Dittersdorf the Gargoyle Fighter began the quest for the
                  | Orb.
     0 | D:1      | Reached XP level 1. HP: 14/14 MP: 1/1
   114 | D:1      | Reached XP level 2. HP: 18/19 MP: 2/2
   232 | D:1      | Reached XP level 3. HP: 23/23 MP: 3/3
   300 | D:1      | You fall into a shaft and drop 1 floor!
   659 | D:2      | Reached XP level 4. HP: 29/29 MP: 4/4
   918 | D:2      | Noticed Sigmund
   935 | D:2      | Killed Sigmund
   936 | D:2      | Reached skill level 4 in Fighting
   936 | D:2      | Reached XP level 5. HP: 15/34 MP: 5/5
   936 | D:2      | Reached XP level 6. HP: 17/39 MP: 6/6
  1422 | D:3      | Identified the +4 dagger of Atsulee {heavy, rElec rN+
                  | Int-3}
  1503 | D:3      | Found a white marble altar of Elyvilon.
  1504 | D:3      | Found an opulent altar of Gozag.
  1546 | D:3      | Became a worshipper of Gozag Ym Sagoz the Greedy
  2015 | D:3      | Found Bedgh's Book Emporium.
  2299 | D:4      | Identified a scroll of acquirement
  2299 | D:4      | Acquired 1157 gold pieces
  2345 | D:1      | Bought a +4 chain mail of willpower for 409 gold pieces
  2407 | D:4      | Found Heptyis's Magic Scroll Shoppe.
  2442 | D:4      | Found a staircase to the Ecumenical Temple.
  2713 | D:4      | Noticed a sky beast
  2742 | D:4      | Killed a sky beast
  2743 | D:4      | Reached skill level 5 in Fighting
  2743 | D:4      | Reached skill level 5 in Armour
  2743 | D:4      | Reached skill level 5 in Shields
  2882 | D:4      | Reached XP level 7. HP: 20/44 MP: 7/7
  3113 | D:4      | Acquired 478 gold pieces
  3335 | D:5      | Entered Level 5 of the Dungeon
  3431 | D:5      | Found Pybian's Weapon Shoppe.
  3888 | D:5      | Reached XP level 8. HP: 14/51 MP: 8/8
  3899 | D:5      | Reached skill level 6 in Fighting
  3899 | D:5      | Reached skill level 5 in Maces & Flails
  4920 | D:6      | Reached XP level 9. HP: 22/56 MP: 9/9
  4926 | D:6      | Reached skill level 7 in Fighting
  6435 | D:7      | Reached skill level 8 in Fighting
  6934 | D:8      | Reached XP level 10. HP: 57/64 MP: 10/10
  8153 | D:9      | Found a runed translucent door.
  8181 | D:9      | Noticed a two-headed ogre
  8200 | D:9      | Killed a two-headed ogre
  8588 | D:9      | Noticed GoodGuyCap's ghost (novice OpSh)
  9010 | D:10     | Entered Level 10 of the Dungeon
  9199 | D:10     | Noticed a two-headed ogre
  9209 | D:10     | Killed a two-headed ogre
  9210 | D:10     | Reached skill level 9 in Fighting
  9589 | D:10     | Noticed a manticore
  9602 | D:10     | Killed a manticore
  9867 | D:10     | Reached skill level 13 in Fighting
  9867 | D:10     | Reached XP level 11. HP: 78/78 MP: 11/11
 10123 | D:10     | Found a staircase to the Orcish Mines.
 10276 | D:11     | Found a staircase to the Lair.
 10778 | D:11     | Noticed a white ugly thing
 10798 | D:10     | Killed a white ugly thing
 11363 | D:11     | Noticed a cyan ugly thing
 11365 | D:11     | Reached XP level 12. HP: 76/84 MP: 12/12
 11732 | D:11     | Noticed a two-headed ogre
 11745 | D:11     | Killed a two-headed ogre
 11746 | D:11     | Reached skill level 10 in Armour
 11746 | D:11     | Reached skill level 10 in Shields
 12038 | Lair:1   | Entered Level 1 of the Lair of Beasts
 12118 | Lair:1   | Reached skill level 14 in Fighting
 12620 | Lair:1   | Noticed a boulder beetle
 12640 | Lair:1   | Killed a boulder beetle
 12760 | Lair:1   | Found a sacrificial altar of Ru.
 13681 | Lair:2   | Noticed a catoblepas
 13704 | Lair:2   | Killed a catoblepas
 14139 | Lair:2   | Slain by a culicivora

Illustrated notes

Levels and vault maps discovered:
D:1:      saegor_arrival_simple_b, layout_rooms
D:2:      layout_rooms, uniq_sigmund
D:3:      layout_loops_corners, jmf_multi_god_temple, serial_shops,
          nicolae_shop_trees
D:4:      layout_cave_pods, minmay_temple_entry_drinking_statues, serial_shops,
          nicolae_lakefront_shop, minmay_circle_x
D:5:      layout_loops_ring, serial_shops, kennysheep_mini_moat,
          minmay_misc_feat_nine_boxes
D:6:      layout_basic, wad_floor_pattern_1
D:7:      layout_loops_cross
D:8:      layout_gridville
D:9:      layout_long_grid, ebering_ghost_inner_flame
D:10:     layout_stronghold, erik_orc_2, minmay_misc_feat_four_crosses,
          chequers_serial_rivers_small_3
D:11:     nicolae_cairo_tiling_large_dashed, layout_cave_pools
Lair:1:   layout_regular_city, lemuel_altar_in_water2
Lair:2:   layout_roguey [special_room_bee], shoals_dummy_entry,
          nicolae_spider_entry_tight_spaces

Skill      XL: |  1  2  3  4  5  6  7  8  9 10 11 12 |
---------------+-------------------------------------+-----
Fighting       | 4 5 6 8 13 14 | 14.6
Maces & Flails | 3 4 5 7 8 9 |  9.9
Armour         | 4 5 7 8 9 11 | 11.0
Shields        | 4 5 6 8 9 11 | 11.0

Action                     |  1- 3 |  4- 6 |  7- 9 | 10-12 || total
---------------------------+-------+-------+-------+-------++-------
  Melee: Flail             |    89 |   170 |   513 |   714 ||  1486
  Throw: Dart              |       |       |       |     4 ||     4
 Invoke: Call Merchant     |       |     1 |       |     1 ||     2
  Evoke: Wand              |       |       |       |    16 ||    16
    Use: Scroll            |       |     9 |     9 |     6 ||    24
         Potion            |       |       |       |     1 ||     1
   Stab: Distracted        |       |       |     3 |       ||     3
         Paralysed         |       |       |       |     5 ||     5
 Armour: Scale mail        |    24 |       |       |       ||    24
         Chain mail        |    23 |    86 |   455 |   542 ||  1106
  Dodge: Dodged            |    47 |    63 |   230 |   270 ||   610
  Block: Buckler           |    10 |    31 |   181 |   249 ||   471

Table legend: (Time is in decaauts)
 A = Elapsed time spent in this place.
 B = Non-inter-level travel time spent in this place.
 C = Inter-level travel time spent in this place.
 D = Time resting spent in this place.
 E = Time spent auto-exploring this place.
 F = Levels seen in this place.
 G = Mean time per level.
                   A        B        C        D        E       F      G
               +--------+--------+--------+--------+--------+-----+--------+
         Total |  14310 |  13425 |    885 |   2241 |   8008 |  13 | 1100.8 |
       Dungeon |  12596 |  11737 |    859 |   2030 |   6929 |  11 | 1145.1 |
          Lair |   1714 |   1689 |     25 |    211 |   1079 |   2 |  857.0 |
               +--------+--------+--------+--------+--------+-----+--------+

Top non-repeatable levels by time:
    D:10: 1846 daAuts
     D:8: 1532 daAuts
     D:9: 1302 daAuts
     D:4: 1270 daAuts
  Lair:1: 1242 daAuts
     D:5: 1208 daAuts
    D:11: 1159 daAuts
     D:3: 1090 daAuts
     D:7: 1010 daAuts
     D:2: 791 daAuts
     D:6: 771 daAuts
     D:1: 614 daAuts
  Lair:2: 471 daAuts
